 Dungeon Crawl Stone Soup version 0.21-a0-472-g223bcb9 (webtiles) character file.

43 slep the Skirmisher (level 3, 0/29 HPs)
             Began as a Demonspawn Monk on Nov 21, 2017.
             Shot with an arrow by a centaur (6 damage)
             ... on level 2 of the Dungeon.
             The game lasted 00:03:54 (660 turns).

slep the Skirmisher (Demonspawn Monk)                Turns: 660, Time: 00:03:55

Health: 0/29       AC:  6    Str:  8    XL:     3   Next: 37%
Magic:  3/3        EV: 13    Int: 11    God:
Gold:   73         SH:  0    Dex: 16    Spells: 2/2 levels left

rFire    . . .     SeeInvis .   a - +0 falchion
rCold    . . .     Gourm    .   (no shield)
rNeg     . . .     Faith    .   b - +0 robe
rPois    .         Spirit   .   e - +0 helmet
rElec    .         Reflect  .   k - +0 cloak
rCorr    .         Harm     .   l - +1 pair of gloves
MR       .....                  (no boots)
Stlth    ++........             (no amulet)
HPRegen  0.09/turn              d - -3 ring of strength (curse)
MPRegen  0.08/turn              (no ring)

@: lethally poisoned (0 -> -2)
A: claws 1, talons 1
a: no special abilities


You were on level 2 of the Dungeon.
You were not hungry.

You visited 1 branch of the dungeon, and saw 2 of its levels.

You collected 73 gold pieces.

Inventory:

Hand Weapons
 a - a +0 falchion (weapon)
Missiles
 h - 5 javelins (quivered)
Armour
 b - a +0 robe (worn)
 e - a +0 helmet (worn)
 k - a +0 cloak (worn)
 l - a +1 pair of gloves (worn)
Jewellery
 d - a cursed -3 ring of strength (left hand)
Scrolls
 f - a scroll of teleportation {unknown}
 i - a scroll of random uselessness {unknown}
 m - a scroll of fear {unknown}
 n - a scroll of remove curse {unknown}
Potions
 j - a potion of haste {unknown}
Comestibles
 c - a bread ration
 g - a royal jelly


   Skills:
 + Level 3.4 Fighting
 + Level 3.3 Long Blades
 + Level 3.0 Dodging
 + Level 2.1 Stealth


You had 2 spell levels left.
You didn't know any spells.

Dungeon Overview and Level Annotations

Branches:
Dungeon (2/15)

Altars:


Innate Abilities, Weirdness & Mutations

You have sharp fingernails.
You have sharp toenails.


Message History

You feel sick. The adder misses you.
You riposte.
You hit the adder.
You kill the adder!
Your Dodging skill increases to level 3!
The hobgoblin is too close now for your liking.
An adder comes into view.
The adder hisses angrily.
The hobgoblin shouts!
You hear an angry hiss.
An adder comes into view.
A giant cockroach comes into view.
The giant cockroach waves its antennae.
A giant cockroach comes into view.
You feel sick. The hobgoblin completely misses you.
The hobgoblin barely misses you.
You feel sick.
A centaur comes into view.
The centaur shouts!
The centaur wields a shortbow.
The centaur shoots an arrow.
The arrow hits you!
* * * LOW HITPOINT WARNING * * *
You see here an arrow.
The centaur shoots an arrow.
The arrow hits you.
You die...

#.............#
.............#
............#
#####...#......
#.......#.#.#c#
#...........#.#
.#..........<#.####..
........#............
........#..Sg@.......
........#.S.(........
........s............
...#....#####........
.. #....# ......... .
#...#. .....####
..... . .......
..#... . .........
...... #. .......


You could see a centaur, 2 adders, a giant cockroach and a hobgoblin.

Vanquished Creatures
  An adder (D:2)
  2 oozes (D:1)
  4 bats (D:1)
  A giant cockroach (D:1)
  A goblin (D:1)
  3 kobolds (D:1)
  3 frilled lizards (D:1)
  15 rats (D:1)
30 creatures vanquished.

Notes
Turn   | Place    | Note
-------+----------+-------------------------------------------
     0 | D:1      | slep the Demonspawn Monk began the quest for the Orb.
     0 | D:1      | Reached XP level 1. HP: 18/18 MP: 1/1
    25 | D:1      | Gained mutation: You have sharp toenails. [demonic ancestry]
    25 | D:1      | Reached XP level 2. HP: 12/24 MP: 2/2
   432 | D:1      | Gained mutation: You have sharp fingernails. [demonic ancestry]
   432 | D:1      | Reached XP level 3. HP: 29/29 MP: 3/3
   659 | D:2      | Noticed a centaur
   660 | D:2      | Shot with an arrow by a centaur

Vault maps used:
D:1:      erik_arrival_orb_chamber, minivault_24
D:2:      minmay_misc_feat_secret_circle, minmay_misc_feat_enclosed,
          serial_bayou_pond_d, nicolae_underground_beach, uniq_terence,
          uniq_natasha

Skill      XL: |  1  2  3 |
---------------+----------+-----
Long Blades    | 3 |  3.3
Stealth        | 2 |  2.1
Dodging        | 3 |  3.0
Fighting       | |  3.4

Action                   || total
-------------------------++-------
Melee: Falchion          ||    69
       Kick              ||    15
 Stab: Sleeping          ||     4
Armor: Robe              ||    11
Dodge: Dodged            ||    55
       Rpst.: Falchion   ||    21

Table legend:
 A = Spawn XP
 B = Non-spawn XP
 C = Spawn XP percentage of total XP
 D = Spawn monster count
 E = Non-spawn monster count
 F = Spawn count percentage of total count
 G = Total turns spent on level
                    A         B        C        D         E        F      G
               +---------+---------+-------+---------+---------+-------+---------
         Total |       0 |      62 |   0.0 |       0 |      30 |   0.0 |   660
               +---------+---------+-------+---------+---------+-------+---------
           D:1 |       0 |      48 |   0.0 |       0 |      29 |   0.0 |   637
           D:2 |       0 |      14 |   0.0 |       0 |       1 |   0.0 |    23
               +---------+---------+-------+---------+---------+-------+---------
